 Dungeon Crawl Stone Soup version 0.21.1-1-g345015f (webtiles) character file.

85 wilfster70 the Shield-Bearer (level 4, -4/31 HPs)
             Began as an Octopode Fighter on Feb 27, 2018.
             Slain by a gnoll
             ... wielding a +0 halberd
              (6 damage)
             ... on level 2 of the Dungeon.
             The game lasted 00:06:00 (1681 turns).

wilfster70 the Shield-Bearer (Octopode Fighter)     Turns: 1681, Time: 00:06:01

Health: -4/31      AC:  1    Str: 15    XL:     4   Next: 48%
Magic:  4/4        EV: 12    Int: 11    God:
Gold:   131        SH:  8    Dex: 11    Spells: 3/3 levels left

rFire    . . .     SeeInvis .   a - +0 trident
rCold    . . .     Gourm    .   b - +0 shield
rNeg     . . .     Faith    .   (helmet restricted)
rPois    .         Spirit   .   h - amulet of inaccuracy (curse)
rElec    .         Reflect  .   (no ring)
rCorr    .         Harm     .   (no ring)
MR       .....                  (no ring)
Stlth    ++........             (no ring)
HPRegen  0.10/turn              (no ring)
MPRegen  0.09/turn              (no ring)
                                (no ring)
                                (no ring)

@: no status effects
A: almost no armour, stealthy swim, amphibious, 8 rings, constrict 8, camouflage
1, gelatinous body 1
a: no special abilities


You were on level 2 of the Dungeon.
You were hungry.

You visited 1 branch of the dungeon, and saw 2 of its levels.

You collected 131 gold pieces.

Inventory:

Hand Weapons
 a - a +0 trident (weapon)
Missiles
 e - 79 stones (quivered)
Armour
 b - a +0 shield (worn)
Jewellery
 h - a cursed amulet of inaccuracy (around mantle)
Wands
 i - a wand of random effects (29)
Scrolls
 f - a scroll of fog
Potions
 c - a potion of might
 g - a potion of agility
 j - a potion of curing {unknown}
 k - a potion of lignification {unknown}
Comestibles
 d - a ration


   Skills:
 + Level 3.5 Fighting
 + Level 2.8 Polearms
 + Level 3.6 Dodging
 + Level 3.6 Shields


You had 3 spell levels left.
You didn't know any spells.

Dungeon Overview and Level Annotations

Branches:
Dungeon (2/15)

Altars:
Elyvilon
Nemelex Xobeh


Innate Abilities, Weirdness & Mutations

You cannot wear most types of armour.
You are very stealthy in the water. (Stealth+)
You are amphibious.
You can wear up to eight rings at the same time.
You can use your tentacles to constrict eight enemies at once.
Your skin changes colour to match your surroundings (Stealth+).
Your rubbery body absorbs attacks. (AC +1, EV +1)


Message History

You constrict the hobgoblin, but do no damage.
You block the hobgoblin's attack. The gnoll closely misses you.
You hit the hobgoblin.
You kill the hobgoblin!
You feel sick.
You are no longer poisoned.
The gnoll barely misses you.
Items here: ) †††† a club; a hobgoblin corpse; a leopard gecko corpse; a frilled lizard corpse an adder corpse You hit the gnoll.
You grab the gnoll.
You kill the gnoll!
The kobold throws a stone.
The stone barely misses you.
The gnoll hits you from afar with a halberd!
* * * LOW HITPOINT WARNING * * *
You barely miss the frilled lizard. Your grab misses the frilled lizard.
Your squeeze misses the frilled lizard. The frilled lizard bites you.
* * * LOW HITPOINT WARNING * * *
The gnoll hits you from afar with a halberd.
You die...

. ###...###.#
...#####..####.##
.....<......###.#
#.######..#.##.## ...
......[...## #.## #.#
#####.....#### #$..#
............# #.....
####.....##.# ...?..
##...###@# ......
##.####l##......
########.#..Kgg.......
###.........#...rg..#...
....# ####!......# ##..#
#.......# #..# #.......#
#..# #.......... #..#
##........##.#


You could see 3 gnolls, a kobold, a frilled lizard and a rat.

Vanquished Creatures
  A gnoll (D:2)
  3 adders (D:2)
  A dart slug (D:1)
  A leopard gecko (D:2)
  3 giant cockroaches
  5 goblins
  4 hobgoblins
  4 jackals (D:2)
  A quokka (D:2)
  9 bats
  2 frilled lizards
  4 kobolds (D:1)
  7 rats
45 creatures vanquished.

Vanquished Creatures (others)
  A hobgoblin (D:2)
1 creature vanquished.

Grand Total: 46 creatures vanquished

Notes
Turn   | Place    | Note
-------+----------+-------------------------------------------
     0 | D:1      | wilfster70 the Octopode Fighter began the quest for the Orb.
     0 | D:1      | Reached XP level 1. HP: 16/16 MP: 1/1
   151 | D:1      | Reached XP level 2. HP: 21/21 MP: 2/2
   788 | D:1      | Reached XP level 3. HP: 25/26 MP: 3/3
  1166 | D:2      | Found a sparkling altar of Nemelex Xobeh.
  1622 | D:2      | Found a white marble altar of Elyvilon.
  1632 | D:2      | Reached XP level 4. HP: 31/31 MP: 4/4
  1681 | D:2      | Slain by a gnoll

Action                   |  1- 3 |  4- 6 || total
-------------------------+-------+-------++-------
Melee: Trident           |   106 |    17 ||   123
       Tentacles         |    11 |     4 ||    15
       Constrict         |    20 |     4 ||    24
Throw: Stone             |     3 |       ||     3
  Use: Scroll            |     3 |       ||     3
 Stab: Sleeping          |     7 |       ||     7
  Eat: Chunk             |     2 |       ||     2
Armor: Skin              |    17 |       ||    17
Dodge: Dodged            |    45 |    13 ||    58
Block: Shield            |    49 |     9 ||    58
